MLB
PHILADELPHIA PHILLIES @ PITTSBURGH PIRATES
04/27/2099
 
TOP OF THE 1ST
Philadelphia Phillies batting - Pitching for Pittsburgh Pirates : RHP Russ Einhorn
Pitching: RHP Russ Einhorn
Batting: SHB Tim Spotton 0-0: Called Strike
0-1: SOLO HOME RUN (Flyball, 9D, EV 101.3 MPH), Distance : 377 ft
Batting: RHB Vicente Vargas 0-0: Called Strike
0-1: Called Strike
0-2: Ball
1-2: Strikes out swinging
Batting: SHB Pete Ray 0-0: Called Strike
0-1: Fly out, F8 (Flyball, 8RD, EV 105.0 MPH)
Batting: RHB David Schafer 0-0: Called Strike
0-1: Ball
1-1: Foul Ball, location: 9LMF
1-2: Fly out, F8 (Flyball, 8RM, EV 81.3 MPH)
Top of the 1st over - 1 run, 1 hit, 0 errors, 0 left on base; Philadelphia 1 - Pittsburgh 0
BOTTOM OF THE 1ST
Pittsburgh Pirates batting - Pitching for Philadelphia Phillies : RHP Dave Quiram
Pitching: RHP Dave Quiram
Batting: SHB Jamie Hoffman 0-0: Swinging Strike
0-1: Ball
1-1: Ball
2-1: Swinging Strike
2-2: Strikes out swinging
Batting: RHB Randy Wilson 0-0: Ball
1-0: Ball
2-0: Called Strike
2-1: DOUBLE (Line Drive, 7LS, EV 103.8 MPH)
Batting: RHB Yoelbi Eugnio 0-0: Swinging Strike
0-1: Called Strike
0-2: Strikes out looking
Batting: RHB Zachary Gugliotta 0-0: Called Strike
0-1: Foul Ball, location: 9LMF
0-2: Ground out 5-3 (Groundball, 56S, EV 90.6 MPH)
Bottom of the 1st over - 0 runs, 1 hit, 0 errors, 1 left on base; Philadelphia 1 - Pittsburgh 0
TOP OF THE 2ND
Philadelphia Phillies batting - Pitching for Pittsburgh Pirates : RHP Russ Einhorn
Batting: RHB Jason Waid 0-0: Ball
1-0: Foul Ball, location: 2F
1-1: Foul Ball, location: 9LSF
1-2: Ball
2-2: Ball
3-2: Strikes out swinging
Batting: RHB Ryan Klepper 0-0: Ball
1-0: Called Strike
1-1: Ball
2-1: Ball
3-1: Base on Balls
Batting: SHB Cesar Quinteros 0-0: Foul Ball, location: 3SF
0-1: SINGLE (Line Drive, 4MD, EV 103.8 MPH)
Ryan Klepper to second
Batting: SHB Rob Brady 0-0: Fielders Choice at 2nd, 4-6 (Groundball, 4M, EV 90.0 MPH)
Ryan Klepper to third
Batting: RHB Jarred Giordano 0-0: Ball
1-0: Called Strike
1-1: Ball
2-1: Ball
3-1: Swinging Strike
3-2: SINGLE (Line Drive, 9LS, EV 104.4 MPH)
Ryan Klepper scores
Rob Brady to second
Rob Brady to third
Batting: SHB Tim Spotton 0-0: Swinging Strike
0-1: Ball
1-1: Ball
2-1: Ball
3-1: Fly out, F8 (Flyball, 8LM, EV 97.5 MPH)
Top of the 2nd over - 1 run, 2 hits, 0 errors, 2 left on base; Philadelphia 2 - Pittsburgh 0
BOTTOM OF THE 2ND
Pittsburgh Pirates batting - Pitching for Philadelphia Phillies : RHP Dave Quiram
Batting: LHB Josue Lopez 0-0: Foul Ball, location: 23FF
0-1: Swinging Strike
0-2: Ball
1-2: Strikes out looking
Batting: RHB Joey Noles 0-0: Foul Ball, location: 2F
0-1: Ball
1-1: Ball
2-1: Foul Ball, location: 3SF
2-2: SINGLE (Line Drive, 78S, EV 104.4 MPH)
Batting: RHB Carlos Flores 0-0: Called Strike
0-1: Ball
1-1: Called Strike
1-2: Strikes out looking
Batting: RHB Alex Velazquez 0-0: Ball
Joey Noles steals 2nd base
1-0: Fly out, F4 (Popup, 4, EV 75.0 MPH)
Bottom of the 2nd over - 0 runs, 1 hit, 0 errors, 1 left on base; Philadelphia 2 - Pittsburgh 0
TOP OF THE 3RD
Philadelphia Phillies batting - Pitching for Pittsburgh Pirates : RHP Russ Einhorn
Batting: RHB Vicente Vargas 0-0: Foul Ball, location: 5F
0-1: Foul Ball, location: 2F
0-2: Ground out U3 (Groundball, 34, EV 83.1 MPH)
Batting: SHB Pete Ray 0-0: Ball
1-0: Ball
2-0: Ball
3-0: Called Strike
3-1: Fly out, F6 (Popup, 6, EV 61.3 MPH)
Batting: RHB David Schafer 0-0: Ball
1-0: Called Strike
1-1: Foul Ball, location: 5F
1-2: Ball
2-2: Ground out 6-3 (Groundball, 4MD, EV 95.6 MPH)
Top of the 3rd over - 0 runs, 0 hits, 0 errors, 0 left on base; Philadelphia 2 - Pittsburgh 0
BOTTOM OF THE 3RD
Pittsburgh Pirates batting - Pitching for Philadelphia Phillies : RHP Dave Quiram
Batting: RHB Chris Ward 0-0: Ball
1-0: Foul Ball, location: 25FF
1-1: Ball
2-1: Swinging Strike
2-2: Foul Ball, location: 2F
2-2: SINGLE (Groundball, 6MD, EV 108.1 MPH)
Pitching: RHP Chris Sexton
Batting: SHB Jamie Hoffman 0-0: Ball
1-0: Called Strike
1-1: SINGLE (Line Drive, 6MD, EV 96.3 MPH)
Chris Ward to second
Batting: RHB Randy Wilson 0-0: Swinging Strike
0-1: Foul Ball, location: 2F
0-2: Ball
1-2: Ball
2-2: Ground out 5-3 (Groundball, 56S, EV 65.6 MPH)
Chris Ward to third
Jamie Hoffman to second
Batting: RHB Yoelbi Eugnio 0-0: Called Strike
0-1: Swinging Strike
0-2: Foul Ball, location: 2F
0-2: Ball
1-2: 3-RUN HOME RUN (Flyball, 78XD, EV 108.8 MPH), Distance : 403 ft
Batting: RHB Zachary Gugliotta 0-0: Ball
1-0: Ball
2-0: Called Strike
2-1: Fly out, F9 (Line Drive, 89S, EV 92.5 MPH)
Batting: LHB Josue Lopez 0-0: Ball
1-0: Foul Ball, location: 3DF
1-1: Foul Ball, location: 3DF
1-2: Ground out U3 (Groundball, 3S, EV 85.6 MPH)
Bottom of the 3rd over - 3 runs, 3 hits, 0 errors, 0 left on base; Philadelphia 2 - Pittsburgh 3
TOP OF THE 4TH
Philadelphia Phillies batting - Pitching for Pittsburgh Pirates : RHP Russ Einhorn
Batting: RHB Jason Waid 0-0: Swinging Strike
0-1: Ball
1-1: Called Strike
1-2: Strikes out swinging
Batting: RHB Ryan Klepper 0-0: Ball
1-0: Ball
2-0: Ground out 6-3 (Groundball, 6S, EV 86.3 MPH)
Batting: SHB Cesar Quinteros 0-0: Ball
1-0: Ball
2-0: Called Strike
2-1: Swinging Strike
2-2: Foul Ball, location: 3DF
2-2: Ball
3-2: Ground out U3 (Groundball, 3, EV 92.5 MPH)
Top of the 4th over - 0 runs, 0 hits, 0 errors, 0 left on base; Philadelphia 2 - Pittsburgh 3
BOTTOM OF THE 4TH
Pittsburgh Pirates batting - Pitching for Philadelphia Phillies : RHP Chris Sexton
Batting: RHB Joey Noles 0-0: Foul Ball, location: 2F
0-1: Ball
1-1: Ball
2-1: Foul Ball, location: 25F
2-2: Strikes out swinging
Batting: RHB Carlos Flores 0-0: Ball
1-0: Foul Ball, location: 3FF
1-1: Ball
2-1: Ball
3-1: Foul Ball, location: 2F
3-2: Foul Ball, location: 25F
3-2: Foul Ball, location: 25FF
3-2: Ground out 5-3 (Groundball, 5, EV 75.6 MPH)
Batting: RHB Alex Velazquez 0-0: Called Strike
0-1: Ball
1-1: Ball
2-1: Ground out 6-3 (Groundball, 6S, EV 88.8 MPH)
Bottom of the 4th over - 0 runs, 0 hits, 0 errors, 0 left on base; Philadelphia 2 - Pittsburgh 3
TOP OF THE 5TH
Philadelphia Phillies batting - Pitching for Pittsburgh Pirates : RHP Russ Einhorn
Batting: SHB Rob Brady 0-0: Foul Ball, location: 23F
0-1: Ball
1-1: Fly out, F9 (Flyball, 9, EV 95.0 MPH)
Batting: RHB Jarred Giordano 0-0: Ground out 4-3 (Groundball, 4, EV 103.8 MPH)
Batting: SHB Tim Spotton 0-0: Foul Ball, location: 2F
0-1: Ball
1-1: Called Strike
1-2: Ground out 6-3 (Groundball, 6MS, EV 80.0 MPH)
Top of the 5th over - 0 runs, 0 hits, 0 errors, 0 left on base; Philadelphia 2 - Pittsburgh 3
BOTTOM OF THE 5TH
Pittsburgh Pirates batting - Pitching for Philadelphia Phillies : RHP Chris Sexton
Batting: RHB Chris Ward 0-0: Called Strike
0-1: Ground out 6-3 (Groundball, 6, EV 97.5 MPH)
Batting: SHB Jamie Hoffman 0-0: Ball
1-0: Swinging Strike
1-1: Ball
2-1: Called Strike
2-2: Foul Ball, location: 2F
2-2: Ground out U3 (Groundball, 34, EV 99.4 MPH)
Batting: RHB Randy Wilson 0-0: Foul Ball, location: 2F
0-1: Swinging Strike
0-2: Ball
1-2: Ball
2-2: Foul Ball, location: 3F
2-2: Strikes out swinging
Bottom of the 5th over - 0 runs, 0 hits, 0 errors, 0 left on base; Philadelphia 2 - Pittsburgh 3
TOP OF THE 6TH
Philadelphia Phillies batting - Pitching for Pittsburgh Pirates : RHP Russ Einhorn
Batting: RHB Vicente Vargas 0-0: Ball
1-0: Ball
2-0: Called Strike
2-1: SINGLE (Line Drive, 6MD, EV 95.0 MPH)
Batting: SHB Pete Ray 0-0: Called Strike
0-1: Foul Ball, location: 2F
0-2: Grounds into double play, 4-6-3 (Groundball, 4, EV 96.9 MPH)
Batting: RHB David Schafer 0-0: Ball
1-0: Called Strike
1-1: Ball
2-1: Foul Ball, location: 2F
2-2: Strikes out swinging
Top of the 6th over - 0 runs, 1 hit, 0 errors, 0 left on base; Philadelphia 2 - Pittsburgh 3
BOTTOM OF THE 6TH
Pittsburgh Pirates batting - Pitching for Philadelphia Phillies : RHP Chris Sexton
Pitching: RHP Chris Windows
Batting: RHB Yoelbi Eugnio 0-0: Ball
1-0: Ball
2-0: Ball
3-0: Base on Balls
Batting: RHB Zachary Gugliotta 0-0: Ball
1-0: Called Strike
1-1: SINGLE (Line Drive, 8RS, EV 90.0 MPH)
Yoelbi Eugnio to second
Runner from 2nd tries for 3rd, SAFE, no throw by CF
Batting: LHB Josue Lopez 0-0: Called Strike
0-1: Foul Ball, location: 3SF
0-2: Foul Ball, location: 2F
0-2: Fielders Choice at home, 4-2 (Groundball, 4S, EV 66.3 MPH)
Zachary Gugliotta to second
Batting: RHB Joey Noles 0-0: Ball
1-0: Swinging Strike
1-1: Swinging Strike
1-2: Ball
2-2: Foul Ball, location: 2F
2-2: Ball
3-2: Fielders Choice at 2nd, 5-4 (Groundball, 56, EV 100.6 MPH)
Zachary Gugliotta to third
Batting: RHB Carlos Flores 0-0: Called Strike
0-1: Fly out, F7 (Flyball, 78D, EV 93.1 MPH)
Bottom of the 6th over - 0 runs, 1 hit, 0 errors, 2 left on base; Philadelphia 2 - Pittsburgh 3
TOP OF THE 7TH
Philadelphia Phillies batting - Pitching for Pittsburgh Pirates : RHP Russ Einhorn
Batting: RHB Jason Waid 0-0: Called Strike
0-1: Ball
1-1: Ball
2-1: Ball
3-1: Called Strike
3-2: Foul Ball, location: 2F
3-2: Strikes out swinging
Pitching: RHP Emilio Rios
Batting: RHB Ryan Klepper 0-0: Ball
1-0: Foul Ball, location: 9LMF
1-1: Ball
2-1: Ground out 6-3 (Groundball, 6, EV 85.0 MPH)
Batting: SHB Cesar Quinteros 0-0: Fly out, F9 (Flyball, 9, EV 75.0 MPH)
Top of the 7th over - 0 runs, 0 hits, 0 errors, 0 left on base; Philadelphia 2 - Pittsburgh 3
BOTTOM OF THE 7TH
Pittsburgh Pirates batting - Pitching for Philadelphia Phillies : RHP Chris Windows
Batting: RHB Alex Velazquez 0-0: Ball
1-0: Ball
2-0: Foul Ball, location: 9LSF
2-1: Ball
3-1: Ground out 4-3 (Groundball, 34, EV 105.0 MPH)
Batting: RHB Chris Ward 0-0: Ball
1-0: Ground out 5-3 (Groundball, 56S, EV 81.9 MPH)
Batting: SHB Jamie Hoffman 0-0: Foul Ball, location: 3F
0-1: Foul Ball, location: 2F
0-2: Foul Ball, location: 5FF
0-2: Strikes out swinging
Bottom of the 7th over - 0 runs, 0 hits, 0 errors, 0 left on base; Philadelphia 2 - Pittsburgh 3
TOP OF THE 8TH
Philadelphia Phillies batting - Pitching for Pittsburgh Pirates : RHP Emilio Rios
Pitching: RHP Dana House
Batting: SHB Rob Brady 0-0: Ball
1-0: Ball
2-0: Ball
3-0: Called Strike
3-1: Foul Ball, location: 5F
3-2: Foul Ball, location: 7LMF
3-2: Foul Ball, location: 2F
3-2: Base on Balls
Batting: RHB Jarred Giordano 0-0: Ball
1-0: Fly out, F8 (Flyball, 8LXD, EV 99.4 MPH)
Batting: SHB Tim Spotton 0-0: Ball
1-0: Ball
2-0: SINGLE (Groundball, 34D, EV 104.4 MPH)
Rob Brady to second
Runner from 2nd tries for 3rd, SAFE, no throw by RF
Batting: RHB Vicente Vargas 0-0: Ball
1-0: Foul Ball, location: 3F
1-1: Swinging Strike
1-2: Foul Ball, location: 9LMF
1-2: Ball
2-2: Foul Ball, location: 25F
2-2: Strikes out swinging
Batting: SHB Pete Ray 0-0: Foul Ball, location: 7LMF
0-1: Foul Ball, location: 7LMF
0-2: Ball
1-2: Strikes out swinging
Top of the 8th over - 0 runs, 1 hit, 0 errors, 2 left on base; Philadelphia 2 - Pittsburgh 3
BOTTOM OF THE 8TH
Pittsburgh Pirates batting - Pitching for Philadelphia Phillies : RHP Chris Windows
Pitching: RHP Kyle O'Brien
Batting: RHB Randy Wilson 0-0: Ball
1-0: SINGLE (Groundball, 3D, EV 102.5 MPH)
Batting: RHB Yoelbi Eugnio 0-0: Ball
1-0: Ball
2-0: Called Strike
2-1: Fly out, F6 (Popup, 6, EV 67.5 MPH)
Batting: RHB Zachary Gugliotta 0-0: Ball
1-0: Ball
2-0: Called Strike
2-1: SINGLE (Line Drive, 7LM, EV 103.1 MPH)
Randy Wilson to second
Pinch Runner at 2nd Nick Stiles:
Batting: LHB Josue Lopez 0-0: Ball
1-0: Called Strike
1-1: Foul Ball, location: 2F
1-2: Ball
2-2: Ball
3-2: DOUBLE (Line Drive, 7LM, EV 106.3 MPH)
Nick Stiles scores
Zachary Gugliotta to third
Runner from 3rd tries for Home, SAFE, throw by LF to trailing runner, SAFE at third!
Batting: RHB Joey Noles 0-0: Intentional Walk
Batting: RHB Carlos Flores 0-0: Ball
1-0: Ball
2-0: Called Strike
Pickoff Throw to First - Out! 1-3
2-1: Ball
3-1: Called Strike
3-2: Ground out 6-3 (Groundball, 6, EV 105.6 MPH)
Bottom of the 8th over - 2 runs, 3 hits, 0 errors, 1 left on base; Philadelphia 2 - Pittsburgh 5
TOP OF THE 9TH
Philadelphia Phillies batting - Pitching for Pittsburgh Pirates : RHP Dana House
Pitching: RHP Joe Duncan
Now in CF: Todd Schuller
Batting: RHB David Schafer 0-0: Ball
1-0: Called Strike
1-1: Foul Ball, location: 5F
1-2: Strikes out looking
Batting: RHB Jason Waid 0-0: Ground out 6-3 (Groundball, 6, EV 90.6 MPH)
Batting: RHB Ryan Klepper 0-0: Foul Ball, location: 25FF
0-1: Foul Ball, location: 5F
0-2: Fly out, F4 (Popup, 4, EV 52.5 MPH)
Top of the 9th over - 0 runs, 0 hits, 0 errors, 0 left on base; Philadelphia 2 - Pittsburgh 5
Saturday, May 4th , 2024 - OOTP Baseball 24.11 Build 85